SOB
ACAPULCO LOCOS @ LA CEIBA MANATEES
12/09/1981
 
TOP OF THE 1ST
Acapulco Locos batting - Pitching for La Ceiba Manatees : LHP Mike Maitland
Pitching: LHP Mike Maitland
Batting: RHB Dave Wilder 0-0: Ball
1-0: Ball
2-0: Called Strike
2-1: Ball
3-1: Base on Balls
Batting: RHB Enrique Collado 0-0: Called Strike
0-1: Fly out, F9 (Flyball, 9, EV 95.6 MPH)
Batting: RHB Jim Maler 0-0: Called Strike
0-1: Ball
1-1: Foul Ball, location: 2F
1-2: Foul Ball, location: 2F
1-2: Foul Ball, location: 2F
1-2: Ball
2-2: DOUBLE (Line Drive, 9LS, EV 93.8 MPH)
Dave Wilder to third
Runner from 3rd tries for Home, SAFE, throw by RF to home
Batting: RHB Gary Skow 0-0: Ball
1-0: Foul Ball, location: 2F
1-1: Ball
2-1: Foul Ball, location: 2F
2-2: Ground out 5-3 (Groundball, 25, EV 80.0 MPH)
Batting: RHB Jorge Martinez 0-0: Called Strike
0-1: Ground out 3-1 (Groundball, 34S, EV 93.1 MPH)
Top of the 1st over - 1 run, 1 hit, 0 errors, 1 left on base; Acapulco 1 - La Ceiba 0
BOTTOM OF THE 1ST
La Ceiba Manatees batting - Pitching for Acapulco Locos : RHP Bill Sattler
Pitching: RHP Bill Sattler
Batting: SHB Alex Ortiz 0-0: Ground out U3 (Groundball, 3, EV 81.9 MPH)
Batting: LHB Ernesto Quevedo 0-0: Ball
1-0: SINGLE (Line Drive, 7LS, EV 94.4 MPH)
Batting: RHB Juan Villa 0-0: Ball
1-0: Called Strike
1-1: Foul Ball, location: 2F
1-2: Ball
2-2: Foul Ball, location: 2F
2-2: SINGLE (Line Drive, 4D, EV 98.1 MPH)
Ernesto Quevedo to second
Batting: LHB Al Chambers 0-0: Foul Ball, location: 2F
0-1: Ball
1-1: DOUBLE (Flyball, 78D, EV 95.0 MPH)
Ernesto Quevedo scores
Juan Villa to third
Runner from 3rd tries for Home, SAFE, throw by CF to trailing runner, SAFE at third!
Batting: RHB Bill Bathe 0-0: Foul Ball, location: 2F
0-1: Ground out 5-3 (Groundball, 56, EV 101.9 MPH)
Al Chambers scores
Batting: LHB Steve Lyons 0-0: Ball
1-0: Ball
2-0: Ball
3-0: Foul Ball, location: 2F
3-1: Base on Balls
Batting: LHB Van Snider 0-0: Ball
Steve Lyons steals 2nd base
1-0: Called Strike
1-1: Ground out 4-3 (Groundball, 4, EV 81.9 MPH)
Bottom of the 1st over - 3 runs, 3 hits, 0 errors, 1 left on base; Acapulco 1 - La Ceiba 3
TOP OF THE 2ND
Acapulco Locos batting - Pitching for La Ceiba Manatees : LHP Mike Maitland
Batting: RHB Daniel Purpura 0-0: Ball
1-0: Called Strike
1-1: Ball
2-1: Ball
3-1: Base on Balls
Batting: LHB Wilson Tucker 0-0: Called Strike
0-1: Fly out, F6 (Popup, 15S, EV 91.9 MPH)
Batting: RHB Jackie Gutierrez Pickoff Throw to First - Out! 1-3
0-0: Ball
1-0: Called Strike
1-1: Called Strike
1-2: Strikes out looking
Top of the 2nd over - 0 runs, 0 hits, 0 errors, 0 left on base; Acapulco 1 - La Ceiba 3
BOTTOM OF THE 2ND
La Ceiba Manatees batting - Pitching for Acapulco Locos : RHP Bill Sattler
Batting: SHB Terry Pendleton 0-0: Ball
1-0: Foul Ball, location: 2F
1-1: Swinging Strike
1-2: Ball
2-2: Foul Ball, location: 2F
2-2: Strikes out swinging
Batting: LHB Keith Hughes 0-0: Ground out 1-3 (Groundball, 13S, EV 69.4 MPH)
Batting: SHB Alex Ortiz 0-0: Called Strike
0-1: Ball
1-1: Hit by Pitch
Batting: LHB Ernesto Quevedo 0-0: Called Strike
0-1: Ball
1-1: Ball
2-1: Ball
3-1: Base on Balls
Alex Ortiz to second
Batting: RHB Juan Villa 0-0: SINGLE (Line Drive, 89S, EV 106.9 MPH)
Alex Ortiz to third
Ernesto Quevedo to second
Runner from 3rd tries for Home, SAFE, throw by RF to home
Batting: LHB Al Chambers 0-0: Ball
1-0: Foul Ball, location: 2F
1-1: Foul Ball, location: 2F
1-2: Ball
2-2: Strikes out swinging
Bottom of the 2nd over - 1 run, 1 hit, 0 errors, 2 left on base; Acapulco 1 - La Ceiba 4
TOP OF THE 3RD
Acapulco Locos batting - Pitching for La Ceiba Manatees : LHP Mike Maitland
Batting: SHB Paul Gbur 0-0: Called Strike
0-1: Foul Ball, location: 2F
0-2: Ground out 6-3 (Groundball, 6, EV 80.0 MPH)
Batting: RHB Dave Wilder 0-0: Foul Ball, location: 2F
0-1: Ball
1-1: Ball
2-1: Foul Ball, location: 2F
2-2: Ground out 4-3 (Groundball, 4, EV 89.4 MPH)
Batting: RHB Enrique Collado 0-0: Ball
1-0: Called Strike
1-1: Ball
2-1: Foul Ball, location: 2F
2-2: Ground out 5-3 (Groundball, 5S, EV 70.0 MPH)
Top of the 3rd over - 0 runs, 0 hits, 0 errors, 0 left on base; Acapulco 1 - La Ceiba 4
BOTTOM OF THE 3RD
La Ceiba Manatees batting - Pitching for Acapulco Locos : RHP Bill Sattler
Batting: RHB Bill Bathe 0-0: Foul Ball, location: 2F
0-1: Fly out, F9 (Flyball, 9, EV 96.3 MPH)
Batting: LHB Steve Lyons 0-0: Ball
1-0: Ball
2-0: Called Strike
2-1: Ball
3-1: Base on Balls
Batting: LHB Van Snider 0-0: Ball
1-0: Called Strike
Steve Lyons steals 2nd base (no throw)
1-1: Foul Ball, location: 2F
1-2: Ball
2-2: Ground out U3 (Groundball, 3, EV 81.9 MPH)
Steve Lyons to third
Batting: SHB Terry Pendleton 0-0: Foul Ball, location: 2F
0-1: Ball
1-1: Fly out, F8 (Flyball, 8RS, EV 95.0 MPH)
Bottom of the 3rd over - 0 runs, 0 hits, 0 errors, 1 left on base; Acapulco 1 - La Ceiba 4
TOP OF THE 4TH
Acapulco Locos batting - Pitching for La Ceiba Manatees : LHP Mike Maitland
Batting: RHB Jim Maler 0-0: Fly out, F7 (Flyball, 7LM, EV 85.0 MPH)
Batting: RHB Gary Skow 0-0: Called Strike
0-1: Ball
1-1: Ball
2-1: Called Strike
2-2: Strikes out swinging
Batting: RHB Jorge Martinez 0-0: Ball
1-0: Ground out 6-3 (Groundball, 6, EV 83.8 MPH)
Top of the 4th over - 0 runs, 0 hits, 0 errors, 0 left on base; Acapulco 1 - La Ceiba 4
BOTTOM OF THE 4TH
La Ceiba Manatees batting - Pitching for Acapulco Locos : RHP Bill Sattler
Batting: LHB Keith Hughes 0-0: Ball
1-0: Ball
2-0: Ball
3-0: Called Strike
3-1: Fly out, F4 (Line Drive, 4, EV 75.0 MPH)
Batting: SHB Alex Ortiz 0-0: Foul Ball, location: 2F
0-1: Fly out, F8 (Flyball, 8LD, EV 101.9 MPH)
Batting: LHB Ernesto Quevedo 0-0: Ground out 6-3 (Groundball, 6M, EV 83.8 MPH)
Bottom of the 4th over - 0 runs, 0 hits, 0 errors, 0 left on base; Acapulco 1 - La Ceiba 4
TOP OF THE 5TH
Acapulco Locos batting - Pitching for La Ceiba Manatees : LHP Mike Maitland
Batting: RHB Daniel Purpura 0-0: Called Strike
0-1: Ground out 4-3 (Groundball, 4, EV 85.6 MPH)
Batting: LHB Wilson Tucker 0-0: Called Strike
0-1: Fly out, F7 (Line Drive, 7, EV 90.0 MPH)
Batting: RHB Jackie Gutierrez 0-0: Ball
1-0: Ground out 6-3 (Groundball, 56, EV 103.8 MPH)
Top of the 5th over - 0 runs, 0 hits, 0 errors, 0 left on base; Acapulco 1 - La Ceiba 4
BOTTOM OF THE 5TH
La Ceiba Manatees batting - Pitching for Acapulco Locos : RHP Bill Sattler
Batting: RHB Juan Villa 0-0: Ground out 1-3 (Groundball, 15S, EV 61.3 MPH)
Batting: LHB Al Chambers 0-0: Ball
1-0: Ball
2-0: Called Strike
2-1: Called Strike
2-2: Ball
3-2: Base on Balls
Batting: RHB Bill Bathe 0-0: Ball
1-0: Ball
Wild Pitch!
Al Chambers to second
2-0: Foul Ball, location: 2F
2-1: DOUBLE (Line Drive, 9LS, EV 103.8 MPH)
Al Chambers scores
Pitching: RHP Owen Foley
Batting: LHB Steve Lyons 0-0: Called Strike
0-1: Swinging Strike
0-2: Strikes out swinging
Batting: LHB Van Snider 0-0: Ball
1-0: Called Strike
1-1: Fly out, F7 (Flyball, 7S, EV 81.9 MPH)
Bottom of the 5th over - 1 run, 1 hit, 0 errors, 1 left on base; Acapulco 1 - La Ceiba 5
TOP OF THE 6TH
Acapulco Locos batting - Pitching for La Ceiba Manatees : LHP Mike Maitland
Batting: SHB Paul Gbur 0-0: Ball
1-0: Foul Ball, location: 2F
1-1: Ball
2-1: Ball
3-1: Swinging Strike
3-2: Base on Balls
Batting: RHB Dave Wilder 0-0: Called Strike
0-1: Swinging Strike
0-2: Ball
1-2: Ball
2-2: Ball
3-2: Strikes out swinging
Batting: RHB Enrique Collado 0-0: Called Strike
0-1: Hit by Pitch
Paul Gbur to second
Batting: RHB Jim Maler 0-0: Ball
1-0: Foul Ball, location: 2F
1-1: Foul Ball, location: 2F
1-2: Ball
2-2: Ball
3-2: Foul Ball, location: 2F
3-2: Foul Ball, location: 2F
3-2: Fielders Choice at 2nd, 6-4 (Groundball, 6, EV 101.3 MPH)
Paul Gbur to third
Batting: RHB Gary Skow 0-0: Called Strike
0-1: Foul Ball, location: 2F
0-2: Ball
1-2: Ball
2-2: Strikes out looking
Top of the 6th over - 0 runs, 0 hits, 0 errors, 2 left on base; Acapulco 1 - La Ceiba 5
BOTTOM OF THE 6TH
La Ceiba Manatees batting - Pitching for Acapulco Locos : RHP Owen Foley
Batting: SHB Terry Pendleton 0-0: Ball
1-0: Called Strike
1-1: SINGLE (Line Drive, 6MD, EV 99.4 MPH)
Batting: LHB Keith Hughes 0-0: Ball
1-0: Foul Ball, location: 2F
1-1: Ball
2-1: Ball
3-1: Base on Balls
Terry Pendleton to second
Batting: SHB Alex Ortiz 0-0: Ball
1-0: Ground out 4-3 (Groundball, 4MS, EV 74.4 MPH)
Terry Pendleton to third
Keith Hughes to second
Batting: LHB Ernesto Quevedo 0-0: Foul Ball, location: 2F
0-1: Swinging Strike
0-2: Ground out 4-3 (Groundball, 4S, EV 77.5 MPH)
Terry Pendleton scores
Keith Hughes to third
Batting: RHB Juan Villa 0-0: Ball
1-0: Ball
2-0: Foul Ball, location: 2F
2-1: SINGLE (Line Drive, 4D, EV 100.6 MPH)
Keith Hughes scores
Batting: LHB Al Chambers 0-0: Ball
1-0: Fielders Choice at 2nd, 5-4 (Groundball, 56, EV 102.5 MPH)
Bottom of the 6th over - 2 runs, 2 hits, 0 errors, 1 left on base; Acapulco 1 - La Ceiba 7
TOP OF THE 7TH
Acapulco Locos batting - Pitching for La Ceiba Manatees : LHP Mike Maitland
Batting: RHB Jorge Martinez 0-0: Ball
1-0: Called Strike
1-1: Swinging Strike
1-2: Strikes out swinging
Batting: RHB Daniel Purpura 0-0: Foul Ball, location: 2F
0-1: Ball
1-1: Ball
2-1: Foul Ball, location: 2F
2-2: Foul Ball, location: 2F
2-2: Ground out 6-3 (Groundball, 6, EV 96.3 MPH)
Batting: LHB Wilson Tucker 0-0: Foul Ball, location: 2F
0-1: Ground out U3 (Groundball, 3, EV 90.0 MPH)
Top of the 7th over - 0 runs, 0 hits, 0 errors, 0 left on base; Acapulco 1 - La Ceiba 7
BOTTOM OF THE 7TH
La Ceiba Manatees batting - Pitching for Acapulco Locos : RHP Owen Foley
Batting: RHB Bill Bathe 0-0: Ball
1-0: Called Strike
1-1: Called Strike
1-2: Fly out, F8 (Flyball, 8RS, EV 93.1 MPH)
Batting: LHB Steve Lyons 0-0: Called Strike
0-1: Ball
1-1: Ball
2-1: Foul Ball, location: 2F
2-2: Ball
3-2: Ground out 6-3 (Groundball, 6, EV 106.9 MPH)
Batting: LHB Van Snider 0-0: Ball
1-0: Ball
2-0: Ball
3-0: Base on Balls
Batting: SHB Terry Pendleton 0-0: Foul Ball, location: 2F
0-1: Ball
1-1: Fly out, F8 (Flyball, 89D, EV 108.8 MPH)
Bottom of the 7th over - 0 runs, 0 hits, 0 errors, 1 left on base; Acapulco 1 - La Ceiba 7
TOP OF THE 8TH
Acapulco Locos batting - Pitching for La Ceiba Manatees : LHP Mike Maitland
Batting: RHB Jackie Gutierrez 0-0: Called Strike
0-1: Foul Ball, location: 2F
0-2: Ball
1-2: Ball
2-2: Strikes out swinging
Batting: SHB Paul Gbur 0-0: Called Strike
0-1: Called Strike
0-2: Strikes out swinging
Batting: RHB Dave Wilder 0-0: Swinging Strike
0-1: Called Strike
0-2: Ball
1-2: Strikes out swinging
Top of the 8th over - 0 runs, 0 hits, 0 errors, 0 left on base; Acapulco 1 - La Ceiba 7
BOTTOM OF THE 8TH
La Ceiba Manatees batting - Pitching for Acapulco Locos : RHP Owen Foley
Batting: LHB Keith Hughes 0-0: Ball
1-0: Ball
2-0: Called Strike
2-1: Ground out 5-3 (Groundball, 56S, EV 76.3 MPH)
Batting: SHB Alex Ortiz 0-0: Ball
1-0: Foul Ball, location: 2F
1-1: Ground out U3 (Groundball, 34S, EV 83.1 MPH)
Batting: LHB Ernesto Quevedo 0-0: Ball
1-0: Called Strike
1-1: Ball
2-1: Foul Ball, location: 2F
2-2: Ground out 6-3 (Groundball, 6M, EV 101.9 MPH)
Bottom of the 8th over - 0 runs, 0 hits, 0 errors, 0 left on base; Acapulco 1 - La Ceiba 7
TOP OF THE 9TH
Acapulco Locos batting - Pitching for La Ceiba Manatees : LHP Mike Maitland
Batting: RHB Enrique Collado 0-0: Ball
1-0: Ball
2-0: Ball
3-0: Called Strike
3-1: Called Strike
3-2: Base on Balls
Batting: RHB Jim Maler 0-0: Swinging Strike
0-1: Ball
1-1: Foul Ball, location: 2F
1-2: Ball
2-2: Strikes out swinging
Batting: RHB Gary Skow 0-0: Called Strike
0-1: Called Strike
0-2: Strikes out swinging
Batting: RHB Jorge Martinez 0-0: Called Strike
0-1: Fly out, F6 (Flyball, 56D, EV 81.3 MPH)
Top of the 9th over - 0 runs, 0 hits, 0 errors, 1 left on base; Acapulco 1 - La Ceiba 7
Thursday, June 25th, 2020 - OOTP Baseball 21.4 Build 63